 Dungeon Sprint DCSS version 0.20-a0-792-g09bcfd3 (webtiles) character file.

0 esc the Cudgeler (level 1, -9/19 HPs)
             Began as a Gargoyle Gladiator on Feb 28, 2017.
             Was an Initiate of Wu Jian.
             Impaled on a porcupine's spines (12 damage)
             ... in the Dungeon (Sprint VI: "Thunderdome").
             The game lasted 00:01:16 (66 turns).

esc the Cudgeler (Gargoyle Gladiator)                 Turns: 66, Time: 00:01:17

Health: -9/19      AC:  6    Str: 29    XL:     1   Next: 10%
Magic:  7/10       EV: 12    Int:  8    God:    Wu Jian [......]
Gold:   65         SH:  0    Dex: 10    Spells: 0/0 levels left

rFire    . . .     SeeInvis +   a - +0 flail
rCold    + + +     Gourm    .   b - +0 leather armour
rNeg     + . .     Faith    .   (no shield)
rPois    ∞         Spirit   .   c - +0 helmet
rElec    +         Reflect  .   (no cloak)
rCorr    .         Harm     .   (no gloves)
MR       .....     NoTele   +   (no boots)
Stlth    ..........             p - amulet "Atudakke" {RegenMP rPois Dex+4}
Regen    0.1/turn               r - ring "Sejipneq" {rPois MP+9 Str+2}
MPRegen  0.2/turn               q - ring "Odoschal" {rC+++ Str+5 Dex-5 SInv}

@: berserking, very quick
A: negative energy resistance 1, electricity resistance, unbreathing,
petrification resistance, rot immunity, AC +2
a: Renounce Religion


You were in the Dungeon.
You worshipped Wu Jian.
Wu Jian was noncommittal.
You were not hungry.

You visited 1 branch You collected 200 gold pieces.
You spent 135 gold pieces at shops.

Inventory:

Hand Weapons
 a - a +0 flail (weapon)
Missiles
 d - 3 throwing nets {=f, !d}
Armour
 b - a +0 leather armour (worn)
 c - a +0 helmet (worn)
Jewellery
 p - the amulet "Atudakke" (around neck) {RegenMP rPois Dex+4}
   (You bought it in a shop in the Dungeon)

   [amulet of magic regeneration]

   It increases your magic regeneration.
   It affects your dexterity (+4).
   It protects you from poison.
 q - the ring "Odoschal" (left hand) {rC+++ Str+5 Dex-5 SInv}
   (You bought it in a shop in the Dungeon)

   [ring of see invisible]

   It affects your strength (+5).
   It affects your dexterity (-5).
   It renders you almost immune to cold.
   It lets you see invisible.
 r - the ring "Sejipneq" (right hand) {rPois MP+9 Str+2}
   (You bought it in a shop in the Dungeon)

   [ring of magical power]

   It affects your strength (+2).
   It protects you from poison.
   It affects your magic capacity (+9).
Wands
 l - a wand of acid (5/15)
   (You found it in the Dungeon)
 m - a wand of iceblast (5/15)
   (You found it in the Dungeon)
Scrolls
 k - 4 scrolls of blinking {!r}
 n - 3 scrolls of fog
Potions
 e - a potion of curing
 g - 4 potions of heal wounds
 h - 4 potions of haste
 i - 2 potions of magic
 o - a potion of resistance
Comestibles
 f - a bread ration {@e1}
 s - a chunk of flesh {@w0}


   Skills:
 + Level 2.3 Fighting
 + Level 3.1 Maces & Flails
 - Level 1.7 Throwing
 + Level 0.4 Armour
 + Level 2.5 Dodging


You couldn't memorise any spells.
You didn't know any spells.

Dungeon Overview and Level Annotations

Branches:
Dungeon (1/1)

Altars:
Cheibriados
Fedhas
Gozag
Kikubaaqudgha
Makhleb
Okawaru
Ru
Sif Muna
Trog
Uskayaw
Wu Jian
Xom
Yredelemnul
Zin
The Shining One
Beogh
Jiyva
Lugonu

Shops:
D *[%??*?*:[((

Annotations:
D Purgy


Innate Abilities, Weirdness & Mutations

You are resistant to torment.
Your stone body is resilient. (AC +2)
You are immune to poison.
You resist negative energy. (rN+)
You are resistant to electric shocks. (rElec)
You can survive without breathing.
You are immune to petrification.
You are immune to rotting.


Message History

You have entered the arena!
You will win if you kill everything that spawns (including allies).
If it is a boss round, you only need to kill the boss in order to win.
If it is a lightning round, you only need to survive!
Welcome, esc the Gargoyle Gladiator.
Found 200 gold pieces.
Found a staircase leading out of the dungeon.
l - a wand of acid (5/15);
m - a wand of iceblast (5/15)
k - 4 scrolls of blinking {!r} (gained 3)
n - 3 scrolls of fog;
h - 4 potions of haste (gained 3)
g - 4 potions of heal wounds (gained 3);
o - a potion of resistance You now have 200 gold pieces.
Found a burning altar of Makhleb and a bloodstained altar of Trog.
Found an iron altar of Okawaru and a glowing golden altar of the Shining One.
Get ready!
Found a sacrificial altar of Ru and an opulent altar of Gozag.
Found Osabbes's Bee Food and Duny's Identification Station.
Found a roughly hewn altar of Beogh.
ROUND 1!
FIGHT!
You sense a tension in the east.
Found Egyda's Jewellery and Jogu's Advanced Armour.
There is an entrance to Egyda's Jewellery here.
p - a scintillating graven amulet;
q - a faintly glowing lapis lazuli ring
r - a warped turquoise ring Thank you for shopping at Egyda's Jewellery!
Found Vyleg's Magic Scroll Shop.
Found an ornate altar of the Wu Jian Council.
Found Qiaxusaf's Magic Scroll Shop and Seaxuxy's Must-Have Magic.
Found Voinucea's Staff Store.
Found a deep blue altar of Sif Muna and a basalt altar of Yredelemnul.
There is an ornate altar of the Wu Jian Council here.
You kneel at the altar of Wu Jian.
The Council welcomes you!
Put on which piece of jewellery? (? for menu, Esc to quit)
The amulet hums as it attunes itself to your energized body.
You feel agile.
p - the amulet "Atudakke" (around neck) {RegenMP rPois Dex+4} Put on which piece of jewellery? (? for menu, Esc to quit)
You feel stronger.
You feel clumsy.
q - the ring "Odoschal" (left hand) {rC+++ Str+5 Dex-5 SInv} Put on which piece of jewellery? (? for menu, Esc to quit)
You feel your magic capacity increase.
You feel stronger.
r - the ring "Sejipneq" (right hand) {rPois MP+9 Str+2} A rat comes into view.
The rat moves out of view.
Purgy the Meek comes into view.
There is a staircase leading out of the dungeon here.
Found a viscous altar of Jiyva and a corrupted altar of Lugonu.
Found a shimmering altar of Xom.
You closely miss the rat. The rat closely misses you.
The rat bites you but does no damage.
You thump the rat!
You kill the rat!
The Council accepts your kill.
Health restored: 13 You see here a rat corpse.
You butcher the rat corpse.
s - a chunk of flesh {@w0} A porcupine comes into view.
The porcupine moves out of view.
Found two altars.
Found a blossoming altar of Fedhas and a glowing silver altar of Zin.
A quokka comes into view.
Found Qetap's Weapon Rack and Urosox's Premium Goods.
Found a snail-covered altar of Cheibriados.
Found Tyoskeh's Basic Armour and Raeggid's Miscellaneous Merchandise.
You are struck by the porcupine's spines.
Ouch! That really hurt!
* * * LOW HITPOINT WARNING * * *
You closely miss the porcupine. The porcupine misses you.
You take 11 damage, and have 2/13 hp.
MASSIVE DAMAGE!!
Really quaff
j - a potion of berserk rage {!q}?
A red film seems to cover your vision as you go berserk!
You feel yourself moving faster!
You feel mighty! The porcupine barely misses you.
You now have 3/19 hp.
You are struck by the porcupine's spines.
Ouch! That really hurt!
You die...

.............###........
..........###...###.....
..........# #.<.# .....
..........# #...###.....
.............###........
##∩........8. #.8......
##∩_._......###..r...__
######.8......r..8.###
#⌠.......@...⌠#
###.........###
#........_# #_......._#
#_......._# #∩.......∩#
##∩.....∩## ##.....##


You could see a porcupine and a quokka.

Vanquished Creatures
  A rat (D)
1 creature vanquished.

Notes
Turn   | Place    | Note
-------+----------+-------------------------------------------
     0 | D        | esc the Gargoyle Gladiator began the quest for the Orb.
     0 | D        | Reached XP level 1. HP: 12/12 MP: 1/1
     1 | D        | Found a burning altar of Makhleb.
     1 | D        | Found a bloodstained altar of Trog.
     2 | D        | Found an iron altar of Okawaru.
     2 | D        | Found a glowing golden altar of the Shining One.
     3 | D        | Found a sacrificial altar of Ru.
     3 | D        | Found an opulent altar of Gozag.
     4 | D        | Found Osabbes's Bee Food.
     4 | D        | Found a roughly hewn altar of Beogh.
     4 | D        | Found Duny's Identification Station.
     5 | D        | Found Egyda's Jewellery.
     5 | D        | Found Jogu's Advanced Armour.
     5 | D        | Round 1.
    13 | D        | Bought a scintillating graven amulet for 45 gold pieces
    13 | D        | Bought a faintly glowing lapis lazuli ring for 45 gold pieces
    13 | D        | Bought a warped turquoise ring for 45 gold pieces
    19 | D        | Found an ornate altar of the Wu Jian Council.
    19 | D        | Found Vyleg's Magic Scroll Shop.
    20 | D        | Found Qiaxusaf's Magic Scroll Shop.
    20 | D        | Found Seaxuxy's Must-Have Magic.
    21 | D        | Found a deep blue altar of Sif Muna.
    21 | D        | Found a basalt altar of Yredelemnul.
    21 | D        | Found Voinucea's Staff Store.
    26 | D        | Became a worshipper of the Wu Jian Council
    27 | D        | Identified the amulet "Atudakke" {RegenMP rPois Dex+4} (You bought it in a shop in the Dungeon)
    28 | D        | Identified the ring "Odoschal" {rC+++ Str+5 Dex-5 SInv} (You bought it in a shop in the Dungeon)
    29 | D        | Identified the ring "Sejipneq" {rPois MP+9 Str+2} (You bought it in a shop in the Dungeon)
    40 | D        | Noticed Purgy
    46 | D        | Found a viscous altar of Jiyva.
    46 | D        | Found a corrupted altar of Lugonu.
    48 | D        | Found a shimmering altar of Xom.
    58 | D        | Found a hide-covered altar of Uskayaw.
    58 | D        | Found an ancient bone altar of Kikubaaqudgha.
    58 | D        | Noticed a porcupine
    59 | D        | Found a blossoming altar of Fedhas.
    59 | D        | Found a glowing silver altar of Zin.
    60 | D        | Found a snail-covered altar of Cheibriados.
    60 | D        | Found Qetap's Weapon Rack.
    60 | D        | Found Urosox's Premium Goods.
    61 | D        | Found Tyoskeh's Basic Armour.
    61 | D        | Found Raeggid's Miscellaneous Merchandise.
    64 | D        | HP: 2/13 [porcupine's spines (11)]
    66 | D        | Impaled on a porcupine's spines

Vault maps used:
D:        arena_sprint

Action                   || total
-------------------------++-------
Melee: Flail             ||     4
  Use: Potion            ||     1
Armor: Leather armour    ||     1
Dodge: Dodged            ||     3

Vault maps used:
D:        arena_sprint

Table legend:
 A = Turns spent in this place as a percentage of turns spent in the entire game.
 B = Non-inter-level travel turns spent in this place as a percentage of non-inter-level travel turns spent in the entire game.
 C = Inter-level travel turns spent in this place as a percentage of turns spent in this place.
 D = Turns resting spent in this place as a percentage of non-inter-level travel turns spent in this place.
 E = Turns spent auto-exploring this place as a percentage of non-inter-level travel turns spent in this place.
 F = Non-inter-level travel turns spent in this place divided by the number of levels of this place that you've seen.
                   A       B       C       D       E      F
               +-------+-------+-------+-------+-------+----------------------
         Total | 100.0 | 100.0 |   0.0 |   0.0 |   0.0 |  68.0
       Dungeon | 100.0 | 100.0 |   0.0 |   0.0 |   0.0 |  68.0
               +-------+-------+-------+-------+-------+----------------------

Table legend:
 A = Kills in this place as a percentage of kills in entire the game.
 B = Kills by you in this place as a percentage of kills by you in the entire game.
 C = Kills by friends in this place as a percentage of kills by friends in the entire game.
 D = Other kills in this place as a percentage of other kills in the entire game.
 E = Experience gained in this place as a percentage of experience gained in the entire game.
 F = Experience gained in this place divided by the number of levels of this place that you have seen.
                   A       B       C       D       E      F
               +-------+-------+-------+-------+-------+----------------------
         Total | 100.0 | 100.0 |  -nan |  -nan | 100.0 |   1.0
       Dungeon | 100.0 | 100.0 |  -nan |  -nan | 100.0 |   1.0
               +-------+-------+-------+-------+-------+----------------------
